 Dungeon Crawl Stone Soup version 0.31-a0-435-g2c6fae2916 (webtiles) character file.

Game seed: 15929596852252163823

5490 AdnanSaban the Basher (level 10, 0/61 HPs)
             Began as a Gargoyle Fighter on Aug 1, 2023.
             Slain by a hornet (4 damage)
             ... on level 8 of the Dungeon.
             The game lasted 00:10:30 (8666 turns).

AdnanSaban the Basher (Gargoyle Fighter)            Turns: 8666, Time: 00:10:31

Health: 0/61       AC: 31    Str: 24    XL:     10   Next: 69%
Magic:  10/10      EV:  6    Int:  9    God:
Gold:   603        SH: 10    Dex:  9    Spells: 9/9 levels left

rFire   . . .        t - +1 flail (freeze)
rCold   + . .        j - +0 kite shield
rNeg    + . .        n - +0 plate armour
rPois   ∞            s - +0 helmet
rElec   +            E - +0 cloak
rCorr   .            q - +0 pair of gloves
SInv    .            F - +1 pair of boots
Will    .....        (no amulet) Stlth
                     A - +4 ring of protection
HPRegen 0.30/turn    C - ring of protection from cold
MPRegen 0.12/turn

%: no passive effects
@: no status effects
A: sickness immunity, AC +7, negative energy resistance 1, electricity
resistance, torment resistance 1, petrification resistance
a: no special abilities


You were on level 8 of the Dungeon.
You visited 2 branches of the dungeon, and saw 10 of its levels.
You also visited: Ossuary.

You collected 603 gold pieces.

Inventory:

Hand Weapons
 t - a +1 flail of freezing (weapon)
Missiles
 y - a throwing net
 J - 3 boomerangs (quivered)
 M - 2 curare-tipped darts
Armour
 j - a +0 kite shield (worn)
 n - a +0 plate armour (worn)
 q - a +0 pair of gloves (worn)
 s - a +0 helmet (worn)
 E - a +0 cloak (worn)
 F - a +1 pair of boots (worn)
Jewellery
 A - a +4 ring of protection (left hand)
 C - a ring of protection from cold (right hand)
Wands
 v - a wand of charming (3)
 x - a wand of roots (36)
 z - a wand of acid (9)
 L - a wand of polymorph (5)
Scrolls
 b - a scroll of immolation {unknown}
 c - 3 scrolls of enchant armour {unknown}
 e - 7 scrolls of teleportation {unknown}
 f - 7 scrolls of identify {unknown}
 h - a scroll of acquirement {unknown}
 i - a scroll of torment {unknown}
 l - 2 scrolls of poison {unknown}
 m - 3 scrolls of amnesia {unknown}
 p - a scroll of vulnerability {unknown}
 r - 2 scrolls of noise {unknown}
 u - a scroll of brand weapon {unknown}
 w - 2 scrolls of fear {unknown}
 D - a scroll of blinking {unknown}
 H - a scroll of silence {unknown}
Potions
 a - a potion of haste {unknown}
 d - 2 potions of might
 g - 3 potions of attraction {unknown}
 k - 2 potions of degeneration {unknown}
 o - 3 potions of lignification {unknown}
 B - a potion of cancellation {unknown}
 G - a potion of resistance {unknown}
 I - 2 potions of enlightenment {unknown}
 K - a potion of experience {unknown}


   Skills:
 + Level 6.8 Fighting
 + Level 10.4 Maces & Flails
 + Level 0.6 Throwing
 + Level 8.2 Armour
 + Level 1.1 Dodging
 + Level 1.2 Stealth
 + Level 9.0 Shields


You had 9 spell levels left.
You didn't know any spells.
Your spell library contained the following spells:

 Spells                   Type           Power      Damage    Failure   Level
 Freeze                   Ice            0%         1d3       100%        1
 Kiss of Death            Conj/Necr      0%         2d5       100%        1
 Shock                    Conj/Air       0%         1d3       100%        1
 Confusing Touch          Hex            0%         N/A       100%        3
 Frozen Ramparts          Ice            0%         1d1       100%        3
 Hailstorm                Conj/Ice       0%         3d3       100%        3
 Swiftness                Air            0%         N/A       100%        3
 Airstrike                Air            0%         2d(0-16)  100%        4
 Dispel Undead            Necr           0%         3d6       100%        4


Dungeon Overview and Level Annotations

Branches:
Dungeon (9/15)             Temple (1/1) D:7         Ossuary (visited)
   Lair: D:8-11         Orc: D:9-12

Altars:
Ashenzari
Cheibriados
Dithmenos
Elyvilon
Fedhas
Gozag
Hepliaklqana
Kikubaaqudgha
Makhleb
Nemelex Xobeh
Qazlal
Ru
Sif Muna
Trog
Uskayaw
Vehumet
Wu Jian
Xom
Yredelemnul
Zin
The Shining One

Annotations:
D:9 Joseph


Innate Abilities, Weirdness & Mutations

You are immune to sickness and miasma.
Your stone body is resilient. (AC +7)
You are immune to poison.
You resist negative energy. (rN+)
You are resistant to electric shocks. (rElec)
You are resistant to unholy torment.
You are immune to petrification.


Message History

The hornet stings you but does no damage.
The hornet stings you but does no damage.
The hornet stings you but does no damage.
The hornet attacks as you move away! The hornet stings you!
The hornet stings you. The hornet attacks as you move away!
You block the hornet's attack. You block the hornet's attack.
The hornet stings you!
There is an open door here.
The hornet attacks as you move away! The hornet stings you.
* * * LOW HITPOINT WARNING * * *
The hornet stings you.
* * * LOW HITPOINT WARNING * * *
The hornet stings you.
* * * LOW HITPOINT WARNING * * *
The hornet attacks as you move away! You block the hornet's attack.
The hornet stings you but does no damage.
The hornet stings you but does no damage.
There is a stone staircase leading up here.
The hornet barely misses you. You block the gnoll's attack.
You climb upwards.
There is a stone staircase leading down here.
You closely miss the hornet. The hornet stings you.
* * * LOW HITPOINT WARNING * * *
You block the hornet's attack.
You miss the hornet. The hornet stings you.
* * * LOW HITPOINT WARNING * * *
You hit the hornet. You freeze the hornet.
The hornet is lightly wounded.
The hornet stings you but does no damage.
You hit the hornet. You freeze the hornet.
The hornet is moderately wounded.
The hornet barely misses you. x2
You closely miss the hornet.
The hornet is moderately wounded.
You block the hornet's attack.
You sock the hornet! You freeze the hornet.
The hornet is severely wounded.
You block the hornet's attack. The hornet stings you.
You die...

#...###............#.
#.....#..........###.
#.....#)....###.####.
###.......)...###.# #8.
########.##...........#..####.
#................##........##.
#.#########......##...........
#.#8##8##8#......#........#.##
#...........[@.........#.#.###
###8##8##8#...y........#.###8.
###............#.###..
#.##..........##.###.
#####.....#..###...##
###..###......### #..#
#..#...# # #..###..#...# #
##..###.....# #


You could see a hornet.

Vanquished Creatures
  Erolcha (D:8)
  Maurice (D:9)
  A hornet (D:7)
  Prince Ribbit (D:7)
  2 shadows (D:9)
  Sigmund (D:6)
  A wyvern (D:7)
  Duvessa (D:6)
  A water moccasin (D:5)
  2 ice beasts
  A sky beast (D:7)
  2 orc warriors (D:7)
  Pargi (D:3)
  2 centaurs (D:8)
  A phantom (D:5)
  A kobold brigand (D:4)
  A bullfrog (D:6)
  A gnoll sergeant (D:6)
  4 scorpions
  5 water moccasin zombies
  4 wights
  Dowan (D:6)
  4 killer bees (D:8)
  3 electric eels (D:6)
  A bullfrog zombie (Ossuary)
  A centaur zombie (D:4)
  A jelly (D:6)
  2 gnoll boudas
  2 orc priests
  A sleepcap (D:7)
  4 hounds
  3 iguanas
  A scorpion zombie (D:4)
  Natasha (twice) (D:4)
  5 orc wizards
  3 hound zombies (D:4)
  A hound skeleton (D:4)
  10 adders
  27 gnolls
  A shadow imp (D:5)
  A white imp (D:8)
  2 ufetubi
  5 adder zombies
  2 worms (D:3)
  6 dart slugs
  24 orcs
  7 bats
  8 endoplasms
  8 giant cockroaches
  37 goblins
  29 hobgoblins
  7 jackals
  6 kobolds
  2 quokkas
  10 ball pythons
  4 frilled lizards
  2 gnoll zombies (Ossuary)
  3 goblin zombies (Ossuary)
  4 orc zombies (Ossuary)
  7 rats
282 creatures vanquished.

Notes
Turn   | Place    | Note
-------+----------+-------------------------------------------
     0 | D:1      | AdnanSaban the Gargoyle Fighter began the quest for the
                  | Orb.
     0 | D:1      | Reached XP level 1. HP: 14/14 MP: 1/1
    61 | D:1      | Reached XP level 2. HP: 19/19 MP: 2/2
   209 | D:1      | Reached XP level 3. HP: 24/24 MP: 3/3
  1143 | D:2      | Reached XP level 4. HP: 29/29 MP: 4/4
  1210 | D:2      | You fall into a shaft and drop 1 floor!
  1851 | D:3      | Reached skill level 3 in Maces & Flails
  1851 | D:3      | Reached XP level 5. HP: 33/33 MP: 5/5
  2068 | D:3      | Noticed Pargi
  2119 | D:3      | Killed Pargi
  2120 | D:3      | Reached XP level 6. HP: 32/38 MP: 6/6
  2701 | D:4      | Found a sand-covered staircase.
  2706 | Ossuary  | Entered an ossuary
  2739 | Ossuary  | Reached skill level 4 in Maces & Flails
  2782 | Ossuary  | Reached skill level 5 in Armour
  2796 | Ossuary  | Reached XP level 7. HP: 39/44 MP: 7/7
  2870 | Ossuary  | Reached skill level 5 in Shields
  2889 | Ossuary  | Noticed a silent spectre
  3118 | D:4      | Reached skill level 5 in Maces & Flails
  3354 | D:4      | Found an ornate altar of the Wu Jian Council.
  3355 | D:4      | Found a snail-covered altar of Cheibriados.
  3355 | D:4      | Found a basalt altar of Yredelemnul.
  3395 | D:4      | Noticed Natasha
  3415 | D:4      | Killed Natasha
  3416 | D:4      | Reached XP level 8. HP: 41/48 MP: 8/8
  3508 | D:4      | Reached skill level 5 in Fighting
  3521 | D:4      | Found an ancient bone altar of Kikubaaqudgha.
  3830 | D:4      | Noticed Natasha
  3838 | D:4      | Killed Natasha
  3996 | D:5      | Entered Level 5 of the Dungeon
  4253 | D:5      | Reached skill level 6 in Maces & Flails
  4393 | D:5      | Identified the +11 dagger of Greatest Utility {freeze,
                  | Str+2 Dex+3}
  5186 | D:6      | Reached skill level 7 in Maces & Flails
  5192 | D:6      | Noticed Sigmund
  5206 | D:6      | Killed Sigmund
  5207 | D:6      | Reached XP level 9. HP: 51/54 MP: 9/9
  6219 | D:6      | Reached skill level 8 in Maces & Flails
  6592 | D:7      | Noticed Dowan
  6592 | D:7      | Noticed Duvessa
  6696 | D:6      | Killed Dowan
  6704 | D:6      | Killed Duvessa
  6823 | D:7      | Found a staircase to the Ecumenical Temple.
  6842 | D:7      | Reached skill level 1 in Dodging
  6860 | Temple   | Entered the Ecumenical Temple
  7039 | D:7      | Reached skill level 1 in Stealth
  7109 | D:7      | Noticed Prince Ribbit
  7162 | D:6      | Reached skill level 9 in Maces & Flails
  7293 | D:7      | Noticed a hornet
  7304 | D:7      | Killed a hornet
  7305 | D:7      | Reached XP level 10. HP: 52/60 MP: 10/10
  7446 | D:7      | Killed Prince Ribbit
  7753 | D:8      | Identified the +1 war axe of the Thirsty Knaves {drain,
                  | Fragile Dex+5}
  7764 | D:8      | Identified the +5 ring mail of the Dungeon {Harm rElec
                  | rPois}
  8078 | D:8      | Identified the +2 ring mail of the Gravedigger {Dex+3}
  8276 | D:9      | Noticed Erolcha
  8291 | D:8      | Killed Erolcha
  8292 | D:8      | Reached skill level 10 in Maces & Flails
  8488 | D:9      | Found a hide-covered altar of Uskayaw.
  8537 | D:9      | Noticed Maurice
  8544 | D:9      | Killed Maurice
  8576 | D:9      | Noticed Joseph
  8662 | D:8      | HP: 3/61 [hornet (4)]
  8666 | D:8      | Slain by a hornet

Illustrated notes

Levels and vault maps discovered:
D:1:      dpeg_arrival_tiny_a, layout_loops_ring, serial_forest,
          infiniplex_forest_clump_tiny, infiniplex_forest_end_1,
          infiniplex_forest_clump_long, infiniplex_forest_corner_1,
          infiniplex_forest_straight_3, infiniplex_forest_lined_3,
          infiniplex_forest_clump_curved, infiniplex_forest_lined_room_,
          infiniplex_forest_diagonal, kennysheep_flooded_box,
          minmay_tetromino_i4
D:2:      layout_loops_ring
D:3:      minmay_razor_zed, layout_rooms, uniq_pargi
D:4:      layout_cave_pods, nicolae_overflow_quartered_altars, serial_undead,
          serial_undead_f, serial_undead_e, serial_undead_e, serial_undead_d,
          enter_ossuary_2, uniq_natasha
D:5:      layout_gridville, minmay_misc_feat_cross
D:6:      minmay_goblin_kobold_castle, layout_basic,
          chequers_serial_rivers_small_b, uniq_sigmund
D:7:      layout_cave_pools, minmay_temple_entry_large_hall, uniq_duvessa,
          uniq_prince_ribbit1
D:8:      hellmonk_crumbling_castle, layout_cave_pools,
          amcnicky_mini_corridor_feature
D:9:      layout_irregular_city, nicolae_uskayaw_suspiria, okawaru_humans,
          grunt_decor_cap, minmay_statues_item, minmay_increasing_density,
          uniq_joseph, uniq_erolcha, uniq_maurice, uniq_harold
Temple:   nicolae_temple_slightly_damp_pantheon

Skill      XL: |  1  2  3  4  5  6  7  8  9 10 |
---------------+-------------------------------+-----
Armour         | 4 5 6 7 8 |  8.2
Shields        | 4 5 6 8 9 |  9.0
Maces & Flails | 3 4 5 7 9 10 | 10.4
Fighting       | 4 5 6 |  6.8
Dodging        | 1 |  1.1
Stealth        | 1 |  1.2
Throwing       | |  0.6

Action                     |  1- 3 |  4- 6 |  7- 9 | 10-12 || total
---------------------------+-------+-------+-------+-------++-------
  Melee: Flail             |   114 |   245 |   661 |   112 ||  1132
  Throw: Boomerang         |       |       |       |     7 ||     7
 Armour: Scale mail        |    53 |   153 |       |       ||   206
         Plate armour      |       |    59 |   537 |   110 ||   706
  Dodge: Dodged            |    63 |   108 |   205 |    47 ||   423
  Block: Buckler           |    32 |    11 |       |       ||    43
         Kite shield       |       |   110 |   352 |    81 ||   543

Table legend: (Time is in decaauts)
 A = Elapsed time spent in this place.
 B = Non-inter-level travel time spent in this place.
 C = Inter-level travel time spent in this place.
 D = Time resting spent in this place.
 E = Time spent auto-exploring this place.
 F = Levels seen in this place.
 G = Mean time per level.
                   A        B        C        D        E       F      G
               +--------+--------+--------+--------+--------+-----+--------+
         Total |   8934 |   8677 |    257 |    624 |   5637 |  11 |  812.2 |
       Dungeon |   8688 |   8431 |    257 |    624 |   5521 |   9 |  965.3 |
        Temple |      1 |      1 |      0 |      0 |      0 |   1 |    1.0 |
       Ossuary |    244 |    244 |      0 |      0 |    116 |   1 |  244.0 |
               +--------+--------+--------+--------+--------+-----+--------+

Top non-repeatable levels by time:
     D:6: 1927 daAuts
     D:4: 1193 daAuts
     D:3: 1017 daAuts
     D:5: 1007 daAuts
     D:1: 986 daAuts
     D:7: 806 daAuts
     D:2: 738 daAuts
     D:8: 626 daAuts
     D:9: 385 daAuts
 Ossuary: 244 daAuts
  Temple: 1 daAuts
